 Dungeon Crawl Stone Soup version 0.26.1-11-gd32895ea62 (webtiles) character file.

Game seed: 10103106278125498967

725 buriedalive the Chiller (level 7, -8/36 HPs)
             Began as a Deep Elf Ice Elementalist on June 4, 2021.
             Mangled by an ogre
             ... wielding a +0 giant spiked club
              (18 damage)
             ... on level 5 of the Dungeon.
             The game lasted 00:08:20 (6763 turns).

buriedalive the Chiller (Deep Elf Ice Elementalist) Turns: 6763, Time: 00:08:20

Health: -8/36      AC:  4    Str:  5    XL:     7   Next: 43%
Magic:  3/13       EV: 17    Int: 22    God:
Gold:   162        SH:  0    Dex: 15    Spells: 5/12 levels left

rFire    . . .     SeeInvis .   r - +1 quarterstaff (vorpal)
rCold    . . .     Faith    .   (shield currently unavailable)
rNeg     . . .     Spirit   .   a - +0 robe
rPois    .         Reflect  .   b - +0 helmet
rElec    .         Harm     .   (no cloak)
rCorr    .         Rampage  .   h - +0 pair of gloves
Will     .....                  (no boots)
Stlth    ++........             (no amulet)
HPRegen  0.12/turn              (no ring)
MPRegen  0.13/turn              (no ring)

@: no status effects
A: no striking features
a: no special abilities


You were on level 5 of the Dungeon.
You visited 1 branch of the dungeon, and saw 5 of its levels.

You collected 162 gold pieces.

Inventory:

Hand Weapons
 c - a +0 dagger
 m - a +0 rapier
 r - a +1 vorpal quarterstaff (weapon)
Missiles
 d - 96 stones
 s - 12 poisoned darts
Armour
 a - a +0 robe (worn)
 b - a +0 helmet (worn)
 h - a +0 pair of gloves (worn)
Jewellery
 p - an uncursed amulet of guardian spirit {unknown}
Scrolls
 e - 2 scrolls of magic mapping {unknown}
 f - 7 scrolls of identify {unknown}
 i - a scroll of fog {unknown}
 j - a scroll of enchant armour {unknown}
 k - a scroll of teleportation {unknown}
 n - a scroll of blinking {unknown}
 o - 4 scrolls of remove curse {unknown}
Potions
 g - a potion of flight {unknown}
 l - 3 potions of might
 q - a potion of brilliance {unknown}


   Skills:
 + Level 7.4 Dodging
 - Level 2.4 Stealth
 - Level 3.0 Spellcasting
 + Level 7.7 Ice Magic


You had 5 spell levels left.
You knew the following spells:

 Your Spells              Type           Power        Failure   Level
a - Freeze                Ice            100%         1%          1
b - Frozen Ramparts       Ice            74%          1%          3
c - Ozocubu's Armour      Ice            37%          1%          3

Your spell library contained the following spells:

 Spells                   Type           Power        Failure   Level
 Animate Skeleton         Necr           6%           12%         1
 Apportation              Tloc           6%           12%         1
 Corona                   Hex            3%           12%         1
 Summon Small Mammal      Summ           12%          12%         1
 Hailstorm                Conj/Ice       20%          26%         4
 Summon Ice Beast         Ice/Summ       20%          26%         4


Dungeon Overview and Level Annotations

Branches:
Dungeon (5/15)
 Temple: D:4-7

Altars:
Cheibriados
Okawaru
Zin

Annotations:
D:3 3 runed translucent doors, vvl's ghost, amateur NaBe


Message History

The wall freezes the gnoll.
You kill the gnoll!
Your frozen ramparts will break if you move.
Continue? [Y]es or [N]o only, please.
Your frozen ramparts will break if you move.
Continue? [Y]es or [N]o only, please.
Your frozen ramparts will break if you move.
Continue?
Okay, then.
The wall freezes the ogre.
The wall freezes the ogre.
A gnoll comes into view. It is wielding a +0 flail.
The wall freezes the ogre.
The ogre hits you with a +0 giant spiked club!
* * * LOW HITPOINT WARNING * * *
You barely miss the ogre.
The ogre is heavily wounded.
The frozen ramparts melt away.
The ogre hits you with a +0 giant spiked club!!
Ouch! That really hurt!
You die...

###...........#[...
....................
≈≈≈≈≈≈≈≈≈....≈≈≈≈≈≈≈
≈≈≈≈≈≈≈≈≈....≈≈≈≈≈≈≈
≈≈≈≈≈≈≈≈≈....≈≈≈≈≈≈≈
....................
#########''''#######
#....#######
+..g.))O@..+
#....####### ##''##


gg.g. ..ggg.gg ..$g..Og.g. ............ ######++##### You could see an ogre and
a gnoll.

Vanquished Creatures
  2 scorpions (D:4)
  A gnoll shaman (D:5)
  4 orc wizards (D:4)
  A bullfrog skeleton (D:5)
  Jessica (D:2)
  A worker ant (D:4)
  Terence (D:2)
  A mummy (D:4)
  22 gnolls (D:5)
  6 adders
  A white imp (D:5)
  4 worms
  2 dart slugs
  2 leopard geckos
  5 orcs (D:4)
  3 ball pythons (D:2)
  3 bats
  8 giant cockroaches
  5 goblins (D:1)
  7 hobgoblins
  4 jackals (D:5)
  3 frilled lizards
  7 kobolds
  11 rats
105 creatures vanquished.

Notes
Turn   | Place    | Note
-------+----------+-------------------------------------------
     0 | D:1      | buriedalive the Deep Elf Ice Elementalist began the quest
                  | for the Orb.
     0 | D:1      | Reached XP level 1. HP: 10/10 MP: 6/6
   396 | D:1      | Reached XP level 2. HP: 15/15 MP: 6/8
   945 | D:1      | Reached XP level 3. HP: 17/19 MP: 3/9
   966 | D:1      | Reached skill level 5 in Ice Magic
  1882 | D:2      | Noticed Terence
  1889 | D:2      | Learned a level 3 spell: Frozen Ramparts
  1893 | D:2      | Learned a level 3 spell: Ozocubu's Armour
  1906 | D:2      | Killed Terence
  2291 | D:2      | Reached XP level 4. HP: 21/24 MP: 3/10
  2464 | D:2      | Noticed Jessica
  2467 | D:2      | Killed Jessica
  3030 | D:3      | Found a runed translucent gate.
  3030 | D:3      | Found a runed translucent gate.
  3030 | D:3      | Found a runed translucent gate.
  3062 | D:3      | Noticed vvl's ghost (amateur NaBe)
  3578 | D:3      | Reached XP level 5. HP: 21/28 MP: 6/11
  4081 | D:4      | Reached skill level 5 in Dodging
  4904 | D:4      | Reached XP level 6. HP: 32/32 MP: 8/12
  5048 | D:4      | Found an iron altar of Okawaru.
  5097 | D:4      | Found a glowing silver altar of Zin.
  6159 | D:4      | Found a snail-covered altar of Cheibriados.
  6414 | D:5      | Entered Level 5 of the Dungeon
  6700 | D:5      | Reached XP level 7. HP: 30/36 MP: 9/13
  6763 | D:5      | Mangled by an ogre

Illustrated notes

Levels and vault maps discovered:
D:1:      lightli_arrival_lavapool, layout_basic, grunt_decor_arrowhead
D:2:      layout_basic, uniq_jessica, uniq_terence
D:3:      layout_loops_ring, gammafunk_ghost_necromancy, gup_sewer_entry_spiral
D:4:      layout_loops_ring, lemuel_crystal_altar, kennysheep_mini_moat,
          chei_slow_surprise
D:5:      lemuel_castle_with_subvaults [lemuel_castle_interior_original],
          layout_cave_pools, old_standard_altar, nemelex_diamond_rough_becter,
          uniq_sigmund

Skill      XL: |  1  2  3  4  5  6  7 |
---------------+----------------------+-----
Dodging        | 3 4 5 6 7 |  7.4
Ice Magic      | 5 6 7 |  7.7
Stealth        | |  2.4
Spellcasting   | |  3.0

Action                   |  1- 3 |  4- 6 |  7- 9 || total
-------------------------+-------+-------+-------++-------
Melee: Unarmed           |    11 |       |       ||    11
       Dagger            |    31 |     8 |       ||    39
       Rapier            |       |    13 |       ||    13
       Quarterstaff      |       |    35 |     9 ||    44
 Cast: Freeze            |    49 |    38 |       ||    87
       Frozen Ramparts   |     1 |     9 |     4 ||    14
       Ozocubu's Armour  |       |       |     1 ||     1
  Use: Potion            |     2 |       |       ||     2
 Stab: Sleeping          |     3 |    10 |       ||    13
       Distracted        |     1 |       |       ||     1
Armor: Robe              |    15 |    14 |     1 ||    30
       Skin              |     1 |       |       ||     1
Dodge: Dodged            |    51 |    49 |     9 ||   109
